 Dungeon Crawl Stone Soup version 0.30-a0-250-g41c1d76940 (webtiles) character file.

Game seed: 3749831269406233160

133 themarg the Trooper (level 4, 0/45 HPs)
             Began as a Minotaur Monk on Oct 13, 2022.
             Slain by a gnoll
             ... wielding a +0 halberd
             ... led by a gnoll bouda
              (13 damage)
             ... on level 4 of the Dungeon.
             The game lasted 00:05:06 (3052 turns).

themarg the Trooper (Minotaur Monk)                 Turns: 3052, Time: 00:05:07

Health: 0/45       AC:  6    Str: 18    XL:     4   Next: 93%
Magic:  3/3        EV: 11    Int: 13    God:
Gold:   77         SH:  0    Dex: 12    Spells: 3/3 levels left

rFire   . . .      SeeInvis .    a - +0 hand axe
rCold   . . .      Faith    .    (no shield)
rNeg    . . .      Spirit   .    g - +0 ring mail
rPois   .          Reflect  .    (helmet restricted)
rElec   .          Harm     .    (no cloak)
rCorr   .          Rampage  .    (no gloves)
Will    .....                    c - +0 pair of boots
Stlth   +.........               (no amulet)
HPRegen 0.27/turn                r - +6 ring of intelligence
MPRegen 0.08/turn                (no ring)

@: no status effects
A: horns 2, retaliatory headbutt
a: no special abilities


You were on level 4 of the Dungeon.
You visited 1 branch of the dungeon, and saw 4 of its levels.

You collected 77 gold pieces.

Inventory:

Hand Weapons
 a - a +0 hand axe (weapon)
Missiles
 d - 32 stones (quivered)
 f - 2 throwing nets
 q - 4 boomerangs
Armour
 c - a +0 pair of boots (worn)
 g - a +0 ring mail (worn)
Jewellery
 p - a ring of flight
 r - a +6 ring of intelligence (left hand)
Scrolls
 i - 2 scrolls of identify {unknown}
 j - 2 scrolls of fear {unknown}
 n - a scroll of magic mapping {unknown}
 o - 3 scrolls of noise {unknown}
Potions
 b - a potion of berserk rage {unknown}
 e - 2 potions of lignification {unknown}
 h - 3 potions of curing {unknown}
 k - 2 potions of attraction {unknown}
 l - a potion of brilliance {unknown}
 m - a potion of might {unknown}
 s - 2 potions of cancellation {unknown}
 t - a potion of heal wounds {unknown}


   Skills:
 + Level 6.7 Fighting
 - Level 3.6 Axes
 - Level 3.2 Dodging
 - Level 2.0 Stealth


You had 3 spell levels left.
You didn't know any spells.
Your spell library was empty.

Dungeon Overview and Level Annotations

Branches:
Dungeon (4/15)
 Temple: D:4-7

Altars:
Ashenzari
Kikubaaqudgha
Makhleb
Vehumet

Annotations:
D:3 1 runed translucent door, Crazy Yiuf


Innate Abilities, Weirdness & Mutations

You have a pair of horns on your head.
You reflexively headbutt those who attack you in melee.


Message History

A gnoll comes into view. It is wielding a +0 halberd.
The gnoll hits you with a +0 club. The gnoll closely misses you.
The gnoll shouts!
You hit the gnoll. Your headbutt misses the gnoll.
The gnoll is heavily wounded.
You hit the goblin. You barely miss the gnoll. The goblin barely misses you.
A hobgoblin comes into view.
The gnoll hits you but does no damage. The gnoll closely misses you.
The gnoll barely misses you. The goblin hits you but does no damage.
The gnoll bouda barely misses you. You furiously retaliate!
You headbutt the gnoll bouda.
The hobgoblin shouts!
You hit the gnoll. You headbutt the gnoll.
You kill the gnoll!
You hit the goblin. You closely miss the gnoll bouda. You hit the gnoll.
The gnoll hits you with a +0 club!
The gnoll hits you from afar with a +0 halberd.
The goblin hits you but does no damage.
The gnoll bouda hits you with a +0 whip.
You are too injured to fight recklessly!
The goblin hits you with a +0 club. The gnoll closely misses you.
The goblin attacks as you move away! The goblin hits you but does no damage.
You miss the goblin.
The goblin is heavily wounded.
The goblin barely misses you.
You completely miss the goblin.
The goblin is heavily wounded.
The goblin misses you.
The gnoll bouda calls upon its god to heal the gnoll.
The gnoll's wounds heal themselves!
You slash the goblin!
You kill the goblin!
You hit the gnoll bouda but do no damage.
You headbutt the gnoll bouda!
The gnoll bouda is severely wounded.
The gnoll is no longer moving quickly.
The gnoll hits you from afar with a +0 halberd!
* * * LOW HITPOINT WARNING * * *
The gnoll hits you from afar with a +0 halberd!
You die...

...###..#..#. . ..
............ .
....###...#..#... ...
........)......# #...#.
....###.##.#.#.##.#...#.
# #gg.......#...#
#gg...........#
#g##.#.#..#...# #.
###@##.#.#....#.# #.
#........>.[....#.#.
#.#.######..#.#.#.#.
.....................
..##..######..#.#.###.
.... ...........#.......
#.. #..................
#. .............#.###.
#######.##.#.# #.


You could see a gnoll bouda, 3 gnolls and a hobgoblin.

Vanquished Creatures
  Ijyb (D:3)
  A gnoll (D:4)
  4 adders
  2 worms (D:3)
  A dart slug (D:1)
  2 bats
  5 endoplasms
  A giant cockroach (D:1)
  5 goblins
  4 hobgoblins
  5 jackals (D:3)
  3 quokkas
  7 ball pythons
  3 frilled lizards
  4 kobolds
  2 rats
50 creatures vanquished.

Vanquished Creatures (others)
  5 fungi (D:3)
5 creatures vanquished.

Grand Total: 55 creatures vanquished

Notes
Turn   | Place    | Note
-------+----------+-------------------------------------------
     0 | D:1      | themarg the Minotaur Monk began the quest for the Orb.
     0 | D:1      | Reached XP level 1. HP: 19/19 MP: 0/0
   105 | D:1      | Reached skill level 4 in Fighting
   105 | D:1      | Reached XP level 2. HP: 23/27 MP: 1/1
   753 | D:1      | Found a faded altar of an unknown god.
  1132 | D:2      | Found a broken altar of Ashenzari.
  1245 | D:2      | Reached skill level 5 in Fighting
  1245 | D:2      | Reached XP level 3. HP: 34/36 MP: 2/2
  1844 | D:3      | Noticed Ijyb
  1844 | D:3      | Paralysed by Ijyb for 4 turns
  1850 | D:3      | Paralysed by Ijyb for 4 turns
  1857 | D:3      | Paralysed by Ijyb for 5 turns
  1865 | D:3      | Paralysed by Ijyb for 5 turns
  1935 | D:3      | Killed Ijyb
  1936 | D:3      | Reached XP level 4. HP: 30/44 MP: 3/3
  2175 | D:3      | Reached skill level 6 in Fighting
  2259 | D:3      | Found an ancient bone altar of Kikubaaqudgha.
  2406 | D:3      | Found a runed translucent door.
  2407 | D:3      | Noticed Crazy Yiuf
  2463 | D:3      | Found a radiant altar of Vehumet.
  2580 | D:3      | Found a burning altar of Makhleb.
  3052 | D:4      | Slain by a gnoll

Illustrated notes

Levels and vault maps discovered:
D:1:      ebering_hopf_link, layout_basic,
          hellmonk_ecumenical_altar_inner_sanctum, minmay_unequal
D:2:      layout_basic, basic_altar
D:3:      layout_basic, lightli_temple_of_fire,
          mainiacjoe_overflow_catwalk_spiral, kennysheep_donut,
          uniq_crazy_yiuf_cottage, uniq_ijyb
D:4:      layout_basic, hex_medium, kennysheep_generic_room_2

Skill      XL: |  1  2  3  4 |
---------------+-------------+-----
Fighting       | 4 5 6 |  6.7
Stealth        | 2 |  2.0
Axes           | |  3.6
Dodging        | |  3.2

Action                   |  1- 3 |  4- 6 || total
-------------------------+-------+-------++-------
Melee: Hand axe          |   126 |    47 ||   173
       Headbutt          |    19 |     8 ||    27
  Use: Potion            |     1 |       ||     1
 Stab: Sleeping          |     3 |     1 ||     4
Armor: Ring mail         |    34 |    19 ||    53
Dodge: Dodged            |    58 |    38 ||    96

Table legend: (Time is in decaauts)
 A = Elapsed time spent in this place.
 B = Non-inter-level travel time spent in this place.
 C = Inter-level travel time spent in this place.
 D = Time resting spent in this place.
 E = Time spent auto-exploring this place.
 F = Levels seen in this place.
 G = Mean time per level.
                   A        B        C        D        E       F      G
               +--------+--------+--------+--------+--------+-----+--------+
         Total |   3085 |   3011 |     74 |     52 |   2537 |   4 |  771.2 |
       Dungeon |   3085 |   3011 |     74 |     52 |   2537 |   4 |  771.2 |
               +--------+--------+--------+--------+--------+-----+--------+

Top non-repeatable levels by time:
     D:3: 1146 daAuts
     D:1: 1035 daAuts
     D:2: 784 daAuts
     D:4: 119 daAuts
